 Dungeon Crawl Stone Soup version 0.17.0-24-gcfadda4 (webtiles) character file.

185 Sorcv the Sneak (level 5, -2/35 HPs)
             Began as a Mummy Enchanter on Nov 15, 2015.
             Slain by Ijyb
             ... wielding a +0 dagger
              (3 damage)
             ... on level 3 of the Dungeon.
             The game lasted 00:07:45 (2236 turns).

Sorcv the Sneak (Mummy Enchanter)                   Turns: 2236, Time: 00:07:46

Health: -2/35      AC:  3    Str: 15    XL:     5   Next: 37%
Magic:  2/8        EV: 12    Int: 14    God:
Gold:   59         SH:  0    Dex: 14    Spells: 3 memorised, 2 levels left

rFire  x . .     SeeInvis .     d - -3 short sword (curse)
rCold  + . .     Clarity  .     b - +1 robe
rNeg   + + +     SustAt   .     (no shield)
rPois  ∞         Gourm    .     (no helmet)
rElec  .         Spirit   .     (no cloak)
rCorr  .         Warding  .     (no gloves)
rMut   .         Stasis   .     (no boots)
MR     .....                    (no amulet)
Stlth  +++.......               (no ring)
                                f - +4 ring of strength

@: not resistant to hostile enchantments, fairly stealthy
A: no food or potions, fire vulnerability, cold resistance 1, negative energy
resistance 3, torment resistance, unbreathing
a: no special abilities


You were on level 3 of the Dungeon.
You were not hungry.

You visited 1 branch of the dungeon, and saw 4 of its levels.

You collected 59 gold pieces.

Inventory:

Hand Weapons
 a - a +1 dagger
 d - a cursed -3 short sword (weapon)
Armour
 b - a +1 robe (worn)
Jewellery
 f - a +4 ring of strength (left hand)
Scrolls
 e - a scroll of identify
 g - a scroll of amnesia
Books
 c - a book of Maledictions

   Spells                             Type                      Level
   a - Corona                         Hexes                        1
   b - Ensorcelled Hibernation        Hexes/Ice                    2
   c - Confuse                        Hexes                        3
   d - Tukima's Dance                 Hexes                        3
   e - Dazzling Spray                 Conjuration/Hexes            3


   Skills:
 + Level 1.5 Short Blades
 - Level 1.5 Dodging
 + Level 4.2 Stealth
 - Level 2.0 Spellcasting
 - Level 4.0 Hexes


You had 2 spell levels left.
You knew the following spells:

 Your Spells              Type           Power        Failure   Level  Hunger
a - Corona                Hex            ##.....      4%          1    N/A
b - Ensorcelled Hibernat  Hex/Ice        #.....       17%         2    N/A
c - Confuse               Hex            ##......     14%         3    N/A

Dungeon Overview and Level Annotations

Branches:
Dungeon (4/15)
 Temple: D:4-7

Altars:
Elyvilon
Makhleb
Ru

Annotations:
D:3 Ijyb


Innate Abilities, Weirdness & Mutations

You do not eat or drink.
Your flesh is vulnerable to fire.
You are immune to poison.
Your flesh is cold resistant.
You are immune to negative energy.
You are immune to unholy pain and torment.
You can survive without breathing.


Message History

* * * LOW HITPOINT WARNING * * *
You miss Ijyb.
Ijyb is heavily wounded.
Ijyb grins evilly.
Ijyb barely misses you.
You hit Ijyb.
Ijyb is severely wounded.
Ijyb hits you but does no damage.
You hit Ijyb.
Ijyb is severely wounded.
Ijyb hits you with a dagger.
* * * LOW HITPOINT WARNING * * *
You closely miss Ijyb.
Ijyb is severely wounded.
Ijyb hits you with a dagger.
* * * LOW HITPOINT WARNING * * *
You closely miss Ijyb.
Ijyb is severely wounded.
Ijyb hits you with a dagger.
You die...

##................###
..........!.........#
.#.....<...###.######
...........# #..###
##.........####...#####
#.........##..>......#
#####.....##....)....#
#####............#
####..g@.....#
#.........# #.........#
###########


You could see Ijyb.

Vanquished Creatures
  A giant frog skeleton (D:4)
  An orc wizard (D:3)
  6 adders
  An ooze (D:2)
  2 giant geckos
  5 orcs
  5 giant cockroaches
  5 hobgoblins
  6 jackals
  A quokka (D:2)
  6 bats
  5 giant newts
  5 goblins
  7 kobolds
  8 rats
64 creatures vanquished.

Notes
Turn   | Place    | Note
--------------------------------------------------------------
     0 | D:1      | Sorcv the Mummy Enchanter began the quest for the Orb.
     0 | D:1      | Reached XP level 1. HP: 13/13 MP: 3/3
   246 | D:1      | Reached XP level 2. HP: 2/19 MP: 5/5
   250 | D:1      | Learned a level 2 spell: Ensorcelled Hibernation
   523 | D:1      | Reached skill level 3 in Hexes
   880 | D:2      | Reached XP level 3. HP: 3/24 MP: 6/6
  1158 | D:2      | Found a white marble altar of Elyvilon.
  1263 | D:2      | Found a sacrificial altar of Ru.
  1331 | D:2      | Noticed Ijyb
  1493 | D:4      | Reached XP level 4. HP: 20/30 MP: 1/7
  1500 | D:4      | Learned a level 3 spell: Confuse
  1576 | D:4      | Noticed an ogre
  1638 | D:3      | Reached skill level 4 in Hexes
  1658 | D:3      | Reached skill level 1 in Short Blades
  1658 | D:3      | Reached XP level 5. HP: 28/35 MP: 5/8
  1930 | D:3      | Found a burning altar of Makhleb.
  2235 | D:3      | HP: 1/35 [Ijyb/dagger (1)]
  2236 | D:3      | Slain by Ijyb

Action                   |  1- 3 |  4- 6 || total
-------------------------+-------+-------++-------
Melee: Dagger            |   140 |    31 ||   171
       Short sword       |       |   115 ||   115
 Cast: Corona            |     4 |       ||     4
       Ensorcelled Hiber |     8 |    14 ||    22
       Confuse           |       |     2 ||     2
  Use: Scroll            |       |     2 ||     2
 Stab: Sleeping          |    15 |    16 ||    31
       Distracted        |       |     1 ||     1
